 Dungeon Crawl Stone Soup version 0.28-a0-987-g8383568036 (webtiles) character file.

Game seed: 13031581305942048747

893 Htamos the Skirmisher (level 7, -1/62 HPs)
             Began as a Demigod Fighter on Dec 4, 2021.
             Slain by a gnoll sergeant (5 damage)
             ... on level 4 of the Dungeon.
             The game lasted 00:07:39 (6165 turns).

Htamos the Skirmisher (Demigod Fighter)             Turns: 6165, Time: 00:07:40

Health: -1/62      AC:  7    Str: 21      XL:     7   Next: 49%
Magic:  9/9        EV: 11    Int:  9 (10) God:
Gold:   180        SH:  5    Dex: 17      Spells: 6/6 levels left

rFire   . . .      SeeInvis .   a - +0 war axe
rCold   . . .      Faith    .   c - +0 buckler
rNeg    . . .      Spirit   .   e - +2 leather armour {rPois}
rPois   +          Reflect  .   j - +1 helmet
rElec   .          Harm     .   (no cloak)
rCorr   .          Rampage  .   (no gloves)
Will    +....                   (no boots)
Stlth   +.........              (no amulet)
HPRegen 0.20/turn               (no ring)
MPRegen 0.11/turn               (no ring)

@: mighty, attractive
A: high mp 1, forlorn, divine attributes, strong-willed 1, mutation resistance 1
a: no special abilities


You were on level 4 of the Dungeon.
You visited 1 branch of the dungeon, and saw 5 of its levels.

You collected 180 gold pieces.

Inventory:

Hand Weapons
 a - a +0 war axe (weapon)
Armour
 b - a +0 scale mail
 c - a +0 buckler (worn)
 e - a +2 leather armour of poison resistance (worn)
 j - a +1 helmet (worn)
Jewellery
 g - a +6 ring of intelligence
Wands
 l - a wand of flame (13)
Scrolls
 i - a scroll of blinking {unknown}
 k - 3 scrolls of fog
 m - a scroll of amnesia
Potions
 h - a potion of curing {@qc}
 n - a potion of magic {unknown}


   Skills:
 * Level 5.8 Fighting
 + Level 4.0 Axes
 + Level 4.4 Armour
 + Level 4.4 Shields


You had 6 spell levels left.
You didn't know any spells.
Your spell library contained the following spells:

 Spells                   Type           Power      Damage    Failure   Level
 Slow                     Hex            0%         N/A       43%         1
 Confusing Touch          Hex            0%         N/A       80%         3
 Vampiric Draining        Necr           0%         2d6       80%         3


Dungeon Overview and Level Annotations

Branches:
Dungeon (5/15)             Temple (0/1) D:5


Innate Abilities, Weirdness & Mutations

You have an increased reservoir of magic. (+10% MP)
You shall have no god before yourself.
Your divine heritage dramatically boosts your attributes as you level up.
You are strong-willed. (Will+)
You are somewhat resistant to further mutation.


Message History

The gnoll misses you.
There is a glowing golden altar of the Shining One here.
Okay, then.
It was a potion of attraction.
You feel attractive to monsters. The gnoll is attracted toward you.
The gnoll sergeant is attracted toward you.
The gnoll is attracted toward you.
You feel very mighty all of a sudden. The gnoll closely misses you.
The gnoll sergeant completely misses you.
Okay, then.
You closely miss the gnoll. The gnoll barely misses you.
The gnoll sergeant completely misses you.
The gnoll barely misses you.
The gnoll sergeant hits you but does no damage.
You closely miss the gnoll.
The gnoll sergeant hits you but does no damage.
The gnoll hits you with a +0 halberd.
* * * LOW HITPOINT WARNING * * *
You hit the gnoll.
The gnoll is moderately wounded.
The gnoll sergeant hits you from afar with a +0 trident!
* * * LOW HITPOINT WARNING * * *
You block the gnoll's attack.
You hit the gnoll.
The gnoll is severely wounded.
You block the gnoll's attack.
The gnoll sergeant hits you from afar with a +0 trident.
* * * LOW HITPOINT WARNING * * *
The gnoll closely misses you. The gnoll sergeant barely misses you.
You slash the gnoll!
You kill the gnoll!
The gnoll sergeant hits you from afar with a +0 trident.
* * * LOW HITPOINT WARNING * * *
The gnoll sergeant is attracted toward you.
The gnoll is attracted toward you.
You barely miss the gnoll sergeant.
The gnoll sergeant hits you with a +0 trident.
You die...

####### #.# #...# #.# #.#
#.# #...#######.# #.# ###.#
##....).....# #..
#...#############..# ###
#.###..............#######
#.# #.###########.........
########.###.#####
###.########
..O..............# #...#
.....###.###.###@# #.###
##...# #.# #.# #g# #.# #...#
#.# #.# #g# #.#
##...###.###.# #ยง# #.#
.............###.### #.#
..........####.....###.####
..........####_...........##
.....##.[.##.>.....>.......#
..........##........##.##..#


You could see a gnoll sergeant and a gnoll.

Vanquished Creatures
  A water moccasin (D:4)
  A sky beast (D:4)
  2 ogres (D:4)
  2 scorpions (D:4)
  A wyvern skeleton (D:5)
  A hound (D:5)
  Natasha (thrice) (D:4)
  3 iguanas
  A gnoll (D:4)
  7 adders
  2 worms
  5 dart slugs
  3 orcs
  10 ball pythons
  9 bats
  8 endoplasms
  4 giant cockroaches
  7 hobgoblins
  9 jackals (D:1)
  4 kobolds
  5 quokkas
  7 frilled lizards
  4 goblins
  10 rats
  A bush (D:3)
110 creatures vanquished.

Notes
Turn   | Place    | Note
-------+----------+-------------------------------------------
     0 | D:1      | Htamos the Demigod Fighter began the quest for the Orb.
     0 | D:1      | Reached XP level 1. HP: 18/18 MP: 3/3
   182 | D:1      | Reached skill level 3 in Fighting
   182 | D:1      | Reached XP level 2. HP: 23/26 MP: 4/4
   461 | D:1      | Reached XP level 3. HP: 26/31 MP: 5/5
  1692 | D:2      | Reached XP level 4. HP: 36/38 MP: 6/6
  1919 | D:2      | HP: 1/38 [iguana (10)]
  3273 | D:4      | Noticed a sky beast
  3282 | D:4      | Killed a sky beast
  3283 | D:4      | Reached skill level 4 in Fighting
  3283 | D:4      | Reached XP level 5. HP: 24/46 MP: 7/7
  3681 | D:4      | Noticed an ogre
  3694 | D:4      | Killed an ogre
  3695 | D:4      | Reached XP level 6. HP: 23/53 MP: 8/8
  4400 | D:4      | Gained mutation: You are strong-willed. (Will+) [potion of
                  | mutation]
  4400 | D:4      | Gained mutation: You are somewhat resistant to further
                  | mutation. [potion of mutation]
  4427 | D:4      | Reached skill level 5 in Fighting
  4886 | D:4      | Noticed Natasha
  4887 | D:4      | Noticed a water moccasin
  4895 | D:4      | Killed Natasha
  4901 | D:4      | Killed a water moccasin
  4902 | D:4      | Reached XP level 7. HP: 18/61 MP: 9/9
  5265 | D:4      | Noticed Natasha
  5274 | D:4      | Killed Natasha
  5357 | D:4      | Noticed Natasha
  5369 | D:4      | Killed Natasha
  5590 | D:5      | Entered Level 5 of the Dungeon
  6122 | D:5      | Found a staircase to the Ecumenical Temple.
  6165 | D:4      | Slain by a gnoll sergeant

Illustrated notes

Levels and vault maps discovered:
D:1:      dpeg_arrival_prison, layout_rooms, basic_ecumenical_altar
D:2:      layout_basic, basic_altar, dk_noncrumbling_2, minmay_domino_2
D:3:      layout_basic, nicolae_gozag_cash_rules_everything_around_me,
          minmay_hedge_maze, kennysheep_generic_room_3
D:4:      layout_loops_ring, mainiacjoe_overflow_catwalk,
          overflow_temple_1_default, small_statue_intersection, uniq_natasha
D:5:      layout_basic, minmay_temple_entry_water_ring, chequers_mini_garden,
          chequers_serial_rivers_room_a, lightli_corner_chamber

Skill      XL: |  1  2  3  4  5  6  7 |
---------------+----------------------+-----
Fighting       | 3 4 5 |  5.8
Axes           | 2 3 4 |  4.0
Armour         | 3 4 |  4.4
Shields        | 3 4 |  4.4

Action                   |  1- 3 |  4- 6 |  7- 9 || total
-------------------------+-------+-------+-------++-------
Melee: War axe           |   154 |   182 |    77 ||   413
  Use: Scroll            |     2 |     3 |       ||     5
       Potion            |       |     8 |     2 ||    10
Armor: Scale mail        |    68 |       |       ||    68
       Leather armour    |    20 |    36 |    21 ||    77
Dodge: Dodged            |    77 |    63 |    45 ||   185
Block: Buckler           |    43 |    33 |    19 ||    95

Table legend: (Time is in decaauts)
 A = Elapsed time spent in this place.
 B = Non-inter-level travel time spent in this place.
 C = Inter-level travel time spent in this place.
 D = Time resting spent in this place.
 E = Time spent auto-exploring this place.
 F = Levels seen in this place.
 G = Mean time per level.
                   A        B        C        D        E       F      G
               +--------+--------+--------+--------+--------+-----+--------+
         Total |   6306 |   6096 |    210 |   1103 |   3877 |   5 | 1261.2 |
       Dungeon |   6306 |   6096 |    210 |   1103 |   3877 |   5 | 1261.2 |
               +--------+--------+--------+--------+--------+-----+--------+

Top non-repeatable levels by time:
     D:4: 2324 daAuts
     D:1: 1385 daAuts
     D:3: 1292 daAuts
     D:2: 950 daAuts
     D:5: 354 daAuts
